[Event "Team 45 45 League T64"]
[Site "Internet Chess Club"]
[Date "2015.03.30"]
[Round "4"]
[White "SeniorCitizen"]
[Black "BrerRabbit"]
[Result "1/2-1/2"]
[WhiteElo "1399"]
[BlackElo "1463"]
[Opening "Pirc: Ufimtsev-Pytel variation"]
[ECO "B07"]
[Time "10:46:03"]
[TimeControl "2700+45"]

1. e4 d6 2. d4 Nf6 3. Nc3 c6 4. Be2 e6 5. Nf3 Be7 6. O-O Nbd7 7. Be3 O-O 8. Qc1
Nb6 9. b3 d5 10. e5 Ne8 11. Bd3 f6 12. Ne2 Nd7 13. Ng3 fxe5 14. dxe5 Nc5 15. Rd1
Nxd3 16. Rxd3 Nc7 17. Bg5 Bxg5 18. Qxg5 Qxg5 19. Nxg5 Bd7 20. Nf3 Be8 21. Rd2
Bg6 22. Re1 Kf7 23. Nh4 Nb5 24. Nxg6 Kxg6 25. Ne2 Rf7 26. Nd4 Nxd4 27. Rxd4 Rf5
28. Rf1 Rxe5 29. Rg4+ Kf7 30. c4 Rg8 31. cxd5 exd5 32. Rg3 Rge8 33. Rf3+ Kg8 34.
Rd3 R8e7 35. g3 Kf8 36. Rd2 Ke8 37. f4 Re2 38. Rf2 R2e4 39. Kg2 Kd7 40. Kf3 Kd6
41. Rfe2 Rxe2 42. Rxe2 Rxe2 43. Kxe2 d4 44. Kd3 c5 45. g4 Kd5 46. h4 a6 47. h5
h6 48. g5 hxg5 49. fxg5 Ke5 50. h6 gxh6 51. gxh6 Kf6 52. a3 Kg6 53. h7 Kxh7 54.
b4 b6 55. a4 Kg6 56. a5 bxa5 57. bxc5 Kf6 58. Kxd4 Ke6 59. Kc4 Kd7 60. Kb3 Kc6
61. Ka4 Kxc5 62. Kxa5 {Game drawn by mutual agreement} 1/2-1/2

[Event "Team 45 45 League T64"]
[Site "Internet Chess Club"]
[Date "2015.03.29"]
[Round "4"]
[White "Arawn"]
[Black "smsxman"]
[Result "1-0"]
[WhiteElo "1320"]
[BlackElo "1383"]
[Opening "Philidor: exchange variation"]
[ECO "C41"]
[Time "12:00:14"]
[TimeControl "2700+45"]

1. e4 e5 2. Nf3 d6 3. d4 exd4 4. Nxd4 Bd7 5. Nc3 Be7 6. f4 Nc6 7. Bb5 Nf6 8. O-O
O-O 9. Bxc6 bxc6 10. a4 c5 11. Ndb5 a6 12. Na3 Bc6 13. e5 Ne4 14. Nxe4 Bxe4 15.
Nc4 f6 16. e6 d5 17. Ne3 c6 18. f5 d4 19. Qg4 Bd5 20. Nxd5 Qxd5 21. Bh6 g6 22.
fxg6 d3 23. gxh7+ Kh8 24. Qg7# {Black checkmated} 1-0

[Event "Team 45 45 League T64"]
[Site "Internet Chess Club"]
[Date "2015.03.27"]
[Round "4"]
[White "SeniorCitizen"]
[Black "Andaluz"]
[Result "1/2-1/2"]
[WhiteElo "1391"]
[BlackElo "1326"]
[Opening "Sicilian: Taimanov variation"]
[ECO "B45"]
[Time "14:01:03"]
[TimeControl "2700+45"]

1. e4 c5 2. Nf3 Nc6 3. Nc3 e6 4. d4 cxd4 5. Nxd4 Be7 6. Nb3 a6 7. Bd3 Ne5 8. O-O
Nf6 9. Ne2 Nxd3 10. Qxd3 e5 11. Ng3 d6 12. f4 Bd7 13. Qf3 Bg4 14. Qd3 Bd7 15.
Qd2 Bb5 16. Re1 Ng4 17. Qa5 O-O 18. Qxd8 Rfxd8 19. h3 Bh4 20. hxg4 Bxg3 21. Re3
Bxf4 22. Re1 Bg3 23. Re3 Bf4 24. Re1 Bg3 25. Re3 Bf4 {Game drawn by repetition}
1/2-1/2

[Event "Team 45 45 League T64"]
[Site "Internet Chess Club"]
[Date "2015.03.31"]
[Round "4"]
[White "Kandor"]
[Black "olivermx"]
[Result "1/2-1/2"]
[WhiteElo "1314"]
[BlackElo "1365"]
[Opening "Two knights defense"]
[ECO "C56"]
[Time "17:11:07"]
[TimeControl "2700+45"]

1. e4 e5 2. Nf3 Nc6 3. Bc4 Nf6 4. d4 exd4 5. O-O Nxe4 6. Re1 d5 7. Bxd5 Qxd5 8.
Nc3 Qd8 9. Rxe4+ Be6 10. Nxd4 Nxd4 11. Rxd4 Bd6 12. Nb5 O-O 13. Nxd6 cxd6 14.
Rxd6 Qe7 15. Be3 Rad8 16. Bc5 Qc7 17. Rxd8 Rxd8 18. Bd4 Qf4 19. c3 b6 20. g3 Qh6
21. Qf3 Bd5 22. Qg4 Be6 23. Qf3 Bd5 24. Qg4 Be6 {Game drawn by mutual agreement}
1/2-1/2

[Event "Team 45 45 League T64"]
[Site "Internet Chess Club"]
[Date "2015.03.28"]
[Round "4"]
[White "oldbookseller"]
[Black "rgadoury"]
[Result "0-1"]
[WhiteElo "1134"]
[BlackElo "1462"]
[Opening "Queen's pawn game, Chigorin variation"]
[ECO "D02"]
[Time "15:00:32"]
[TimeControl "2700+45"]

1. d4 d5 2. Nf3 Nc6 3. e3 Nf6 4. Bd3 e6 5. O-O Be7 6. Nbd2 O-O 7. e4 dxe4 8.
Nxe4 Nxd4 9. Bd2 b6 10. c3 Nxf3+ 11. Qxf3 Nxe4 12. Qxe4 f5 13. Qf3 Rb8 14. Qg3
Bf6 15. Rae1 Re8 16. Rd1 Kh8 17. f4 Bb7 18. Be2 Bd5 19. a3 c5 20. Qh3 c4 21. Bh5
Rf8 22. Bg6 h6 23. Rf2 Be4 24. Qh5 Be7 25. Re1 Bc5 26. Be3 Bxe3 27. g4 Bxf2+ 28.
Kxf2 Qd2+ 29. Kg3 Qxe1+ 30. Kh3 Qf1+ 31. Kh4 Qf2+ 32. Kh3 Bg2# {White
checkmated} 0-1

[Event "Team 45 45 League T64"]
[Site "Internet Chess Club"]
[Date "2015.03.31"]
[Round "4"]
[White "semperfi"]
[Black "bardu"]
[Result "0-1"]
[WhiteElo "1397"]
[BlackElo "1187"]
[Opening "King's Indian: East Indian defense"]
[ECO "A48"]
[Time "09:00:20"]
[TimeControl "2700+45"]

1. d4 Nf6 2. Nf3 g6 3. e3 Bg7 4. c4 d6 5. Nc3 O-O 6. Be2 Nbd7 7. O-O e5 8. Qc2
Re8 9. b3 Qe7 10. Bd3 e4 11. Nxe4 Nxe4 12. Bb2 Ng5 13. Be2 Nxf3+ 14. Bxf3 Nf6
{White resigns} 0-1

[Event "Team 45 45 League T64"]
[Site "Internet Chess Club"]
[Date "2015.03.31"]
[Round "4"]
[White "fuzzface"]
[Black "Aquaman"]
[Result "1/2-1/2"]
[WhiteElo "1328"]
[BlackElo "1344"]
[Opening "Sicilian defense"]
[ECO "B20"]
[Time "15:00:13"]
[TimeControl "2700+45"]

1. e4 c5 2. Bc4 e6 3. Nc3 Nc6 4. Nf3 a6 5. O-O b5 6. Be2 g6 7. a3 Bg7 8. Rb1
Nge7 9. d3 O-O 10. Be3 d6 11. d4 cxd4 12. Nxd4 Nxd4 13. Bxd4 Bh6 14. Bf3 Bb7 15.
Bf6 Qc7 16. Re1 Nc6 17. e5 dxe5 18. Bxe5 Nxe5 19. Bxb7 Qxb7 20. Rxe5 Bg7 21. Re3
Qc7 22. Qe2 Rad8 23. g3 h5 24. Rd1 Bf6 25. Qf3 {Game drawn by mutual agreement}
1/2-1/2

[Event "Team 45 45 League T64"]
[Site "Internet Chess Club"]
[Date "2015.04.02"]
[Round "4"]
[White "RobertBuice"]
[Black "jaybird44"]
[Result "0-1"]
[WhiteElo "1171"]
[BlackElo "1235"]
[Opening "Sicilian: closed, 2...Nc6"]
[ECO "B23"]
[Time "17:30:33"]
[TimeControl "2700+45"]

1. e4 c5 2. Nc3 Nc6 3. Bb5 a6 4. Bxc6 bxc6 5. Nf3 Nf6 6. d3 Qc7 7. h3 e5 8. Bg5
Be7 9. Bh4 d5 10. Bg3 Bd6 11. exd5 cxd5 12. Qe2 O-O 13. O-O-O Rb8 14. Bh4 Qb6
15. b3 c4 16. Bxf6 cxb3 17. axb3 Ba3+ 18. Kb1 Qxf6 19. Nxd5 Qc6 20. Qxe5 Be6 21.
Nf6+ gxf6 22. Qg3+ Kh8 23. c4 Rxb3+ 24. Kc2 Rb2+ 25. Kc3 Qa4 26. Ne5 Rc2+ 27.
Kd4 fxe5+ 28. Qxe5+ Kg8 29. Qg3+ Kh8 30. Qe5+ f6 31. Qxe6 Rd8+ 32. Ke4 Re8 33.
Kf5 Rxe6 34. Kxe6 Re2+ 35. Kxf6 Qc6+ 36. Kg5 Qg6+ 37. Kf4 Bd6+ 38. Kf3 Qe6 39.
g3 Bc5 40. Rde1 Rxe1 41. Rxe1 Qxe1 42. g4 Qxf2+ 43. Ke4 Qd4+ 44. Kf5 Qxd3+ 45.
Kg5 Qxc4 46. h4 Be3+ 47. Kf5 Qd4 48. h5 h6 49. g5 Bxg5 50. Kg6 Qf6# {White
checkmated} 0-1

[Event "Team 45 45 League T64"]
[Site "Internet Chess Club"]
[Date "2015.03.27"]
[Round "4"]
[White "Rococo"]
[Black "bugeyes"]
[Result "1-0"]
[WhiteElo "1259"]
[BlackElo "1109"]
[Opening "Queen's pawn, Mason variation"]
[ECO "D00"]
[Time "13:00:53"]
[TimeControl "2700+45"]

1. d4 d5 2. Bf4 Bf5 3. Nf3 e6 4. e3 Nf6 5. Bd3 Bg6 6. c3 c5 7. Bxg6 hxg6 8. Nbd2
Nc6 9. Qa4 Qb6 10. O-O cxd4 11. exd4 O-O-O 12. Rfc1 Nh5 13. Be3 Bd6 14. Ne5 Nxe5
15. dxe5 Bxe5 16. Bxb6 {Black resigns} 1-0

[Event "Team 45 45 League T64"]
[Site "Internet Chess Club"]
[Date "2015.03.27"]
[Round "4"]
[White "pishd"]
[Black "SaltofLife"]
[Result "1/2-1/2"]
[WhiteElo "1715"]
[BlackElo "1927"]
[Opening "Queen's pawn: Yusupov-Rubinstein system"]
[ECO "A46"]
[Time "07:10:30"]
[TimeControl "2700+45"]

1. d4 Nf6 2. Nf3 e6 3. e3 g6 4. Be2 Bg7 5. O-O O-O 6. Nbd2 d6 7. b3 Nbd7 8. Bb2
b6 9. c4 e5 10. dxe5 Ng4 11. h3 Ngxe5 12. Nxe5 Nxe5 13. Qc2 Bb7 14. f4 Nd7 15.
Bxg7 Kxg7 16. Bf3 Bxf3 17. Rxf3 Qe7 18. f5 Kg8 19. Raf1 Rae8 20. fxg6 fxg6 21.
Rxf8+ Rxf8 22. Rxf8+ Kxf8 23. Qe4 Nc5 24. Qxe7+ Kxe7 25. Kf2 Nd3+ 26. Kf3 Ke6
27. Ne4 Ne1+ 28. Kf2 Ke5 29. Nc3 Nd3+ 30. Ke2 Nb4 31. a3 Nc2 32. Nb5 a5 33. Nxc7
Nxa3 34. Kd3 h5 35. Kc3 Ke4 36. Kb2 Nxc4+ 37. bxc4 Kxe3 38. Nd5+ Kd4 39. Nxb6
Kc5 40. Nc8 g5 41. Ka3 d5 42. cxd5 Kxd5 43. g4 hxg4 44. hxg4 Ke5 45. Ka4 Kf4 46.
Nd6 Kxg4 47. Nf7 Kf4 48. Nxg5 Kxg5 49. Kxa5 {Game drawn because neither player
has mating material} 1/2-1/2

[Event "Team 45 45 League T64"]
[Site "Internet Chess Club"]
[Date "2015.03.31"]
[Round "4"]
[White "parrot9"]
[Black "Bleddyn"]
[Result "1-0"]
[WhiteElo "1716"]
[BlackElo "1713"]
[Opening "Petrov: classical attack"]
[ECO "C43"]
[Time "14:00:23"]
[TimeControl "2700+45"]

1. e4 e5 2. Nf3 Nf6 3. d4 Nxe4 4. Nxe5 d6 5. Nf3 d5 6. Bd3 Nc6 7. c3 Be7 8. O-O
O-O 9. Re1 Bg4 10. Bxe4 dxe4 11. Rxe4 Qd7 12. Re1 Bd6 13. Be3 Ne7 14. Nbd2 Nf5
15. Ne4 Nxe3 16. Rxe3 Bf4 17. Re1 Rae8 18. Ng3 Rxe1+ 19. Qxe1 Bxf3 20. gxf3 Re8
21. Qf1 Qd5 22. Qg2 h5 23. Qh3 Qg5 {Black resigns} 1-0

[Event "Team 45 45 League T64"]
[Site "Internet Chess Club"]
[Date "2015.03.28"]
[Round "4"]
[White "TINAyoufatlard"]
[Black "Invicta-Knight"]
[Result "1/2-1/2"]
[WhiteElo "1449"]
[BlackElo "1564"]
[Opening "English: symmetrical, Botvinnik system"]
[ECO "A36"]
[Time "14:16:26"]
[TimeControl "2700+45"]

1. c4 c5 2. Nc3 Nc6 3. g3 g6 4. Bg2 Bg7 5. e4 Nf6 6. Nge2 O-O 7. d3 d6 8. O-O
Bg4 9. f3 Be6 10. Be3 Qd7 11. b3 Bh3 12. Qd2 Bxg2 13. Kxg2 Rfe8 14. d4 cxd4 15.
Nxd4 b6 16. Nxc6 Qxc6 17. Rad1 Rac8 18. Bd4 a6 19. a4 e6 20. Qf2 Rb8 21. Rd3 e5
22. Be3 Bf8 23. Bg5 Nd7 24. Nd5 Nc5 25. Nf6+ Kh8 26. g4 Re6 27. Qh4 Rxf6 28.
Bxf6+ Bg7 29. Rd5 Re8 30. Rfd1 Re6 31. Bxg7+ Kxg7 32. Qd8 Nb7 33. Qa8 a5 34. Rb5
Re7 35. Qa7 Qc8 36. Rxb6 Rd7 37. Rd5 Nc5 38. Qxa5 h5 39. g5 Qd8 40. Rb5 Qxg5+
41. Kf2 Qh4+ 42. Kg1 Qg5+ 43. Kf2 Qh4+ 44. Kg2 Qg5+ 45. Kf2 {Game drawn by
repetition} 1/2-1/2

[Event "Team 45 45 League T64"]
[Site "Internet Chess Club"]
[Date "2015.03.30"]
[Round "4"]
[White "Visin"]
[Black "skuhl99"]
[Result "0-1"]
[WhiteElo "1330"]
[BlackElo "1390"]
[Opening "Pirc: classical (two knights) system"]
[ECO "B08"]
[Time "06:00:59"]
[TimeControl "2700+45"]

1. e4 d6 2. d4 Nf6 3. Nc3 g6 4. Nf3 Bg7 5. Rb1 O-O 6. Be3 Nbd7 7. Qd2 Ng4 8. Be2
Nxe3 9. Qxe3 c5 10. d5 a6 11. O-O b5 12. b3 Nb6 13. h3 b4 14. Nd1 a5 15. Qf4 Ba6
16. Re1 Bxe2 17. Rxe2 a4 18. Ne3 axb3 19. cxb3 Qc7 20. Rc1 e5 21. Qg5 Qd8 22.
Qxd8 Rfxd8 23. Nh2 Ra7 24. g3 Rda8 25. Rcc2 Nd7 26. Nc4 Ra6 27. f4 exf4 28. gxf4
Bd4+ 29. Kg2 f6 30. Nf3 Bc3 31. h4 Re8 32. f5 Kg7 33. Kg3 Rd8 34. Kf4 Nb6 35.
Rg2 Nxc4 36. bxc4 Rf8 37. Rg1 Ra7 38. Rcg2 Be5+ 39. Ke3 Ra3+ 40. Ke2 Rxa2+ 41.
Nd2 Bd4 42. Rb1 Bc3 43. Kd3 Bxd2 44. Rxd2 Rxd2+ 45. Kxd2 Re8 46. Kd3 Ra8 47. Kc2
Ra2+ 48. Rb2 Rxb2+ 49. Kxb2 gxf5 50. exf5 Kh6 {White resigns} 0-1

[Event "Team 45 45 League T64"]
[Site "Internet Chess Club"]
[Date "2015.03.28"]
[Round "4"]
[White "AVEMARIA"]
[Black "fishhead"]
[Result "1-0"]
[WhiteElo "1673"]
[BlackElo "1803"]
[Opening "Sicilian: Alapin's variation (2.c3)"]
[ECO "B22"]
[Time "14:03:48"]
[TimeControl "2700+45"]

1. e4 c5 2. c3 Nf6 3. e5 Nd5 4. Nf3 g6 5. Bc4 Nb6 6. Bb3 c4 7. Bc2 Bg7 8. O-O
Nc6 9. Qe2 Qc7 10. Re1 O-O 11. Na3 Na5 12. d4 Nd5 13. Be4 Qc6 14. Nc2 e6 15. Nb4
Qb5 16. a4 Qb6 17. Bxd5 exd5 18. Nxd5 Qd8 19. Bg5 {Black resigns} 1-0

[Event "Team 45 45 League T64"]
[Site "Internet Chess Club"]
[Date "2015.03.28"]
[Round "4"]
[White "no2"]
[Black "whiskeytown"]
[Result "1-0"]
[WhiteElo "1623"]
[BlackElo "1548"]
[Opening "King's Indian: Sämisch, 6...Nc6"]
[ECO "E83"]
[Time "14:00:29"]
[TimeControl "2700+45"]

1. d4 Nf6 2. c4 g6 3. Nc3 Bg7 4. e4 d6 5. f3 O-O 6. Be3 Nc6 7. Qd2 a6 8. Bd3 Rb8
9. Nge2 Bd7 10. g4 Nb4 11. Bb1 b5 12. a3 Nc6 13. cxb5 axb5 14. h3 Na5 15. Nc1
Nc4 16. Qf2 Nxe3 17. Qxe3 Qc8 18. Nd3 Re8 19. Ba2 Bc6 20. e5 dxe5 21. dxe5 Nxg4
22. hxg4 e6 23. O-O-O Qb7 24. Rhf1 Red8 25. Nc5 Rxd1+ 26. Rxd1 Qb6 27. N3e4 b4
28. Nf6+ Bxf6 29. exf6 bxa3 30. b3 Bxf3 31. Rd2 Bxg4 32. Kb1 Bf5+ 33. Ka1 Kh8
34. Qh6 {Black resigns} 1-0

[Event "Team 45 45 League T64"]
[Site "Internet Chess Club"]
[Date "2015.03.26"]
[Round "4"]
[White "Kingofknights"]
[Black "lilith"]
[Result "1/2-1/2"]
[WhiteElo "1608"]
[BlackElo "1608"]
[Opening "QGD Slav: 4.Nc3"]
[ECO "D15"]
[Time "19:30:13"]
[TimeControl "2700+45"]

1. d4 d5 2. c4 c6 3. Nf3 Nf6 4. Nc3 Bf5 5. cxd5 cxd5 6. Qb3 b6 7. e3 e6 8. Bb5+
Nbd7 9. Ne5 a6 10. Bc6 Rc8 11. Bb7 Nxe5 12. dxe5 Rb8 13. Bxa6 Nd7 14. Bb5 Bc5
15. Na4 O-O 16. Bxd7 Qxd7 17. Nxc5 bxc5 18. Qc3 Rfc8 19. O-O Rb4 20. Bd2 Qa7 21.
a3 Rc4 22. Qb3 Bc2 23. Qa2 Qb8 24. Bc3 Bb3 25. Qb1 d4 26. exd4 cxd4 27. Bb4 Qxe5
28. Re1 Qf6 29. Qd3 Rc2 30. Re2 Rc1+ 31. Rxc1 Rxc1+ 32. Re1 Rxe1+ 33. Bxe1 Bd5
34. b4 e5 35. f3 Qb6 36. a4 Qc7 37. b5 h6 38. a5 Kf8 39. Bb4+ Ke8 40. Kf2 Bc4
41. b6 Bxd3 42. bxc7 Kd7 43. Bd6 Ba6 44. Bxe5 d3 45. Ke3 f6 46. Bg3 Kc6 47.
c8=Q+ Bxc8 48. Kxd3 Kd5 49. Be1 g6 50. f4 f5 51. Bc3 Bb7 52. g3 Kc5 53. Be5 Kd5
54. h3 h5 55. Bf6 Bc8 56. Bc3 Bb7 57. h4 {Game drawn by mutual agreement}
1/2-1/2

[Event "Team 45 45 League T64"]
[Site "Internet Chess Club"]
[Date "2015.03.29"]
[Round "4"]
[White "Fogbound"]
[Black "tightfist"]
[Result "0-1"]
[WhiteElo "1266"]
[BlackElo "1631"]
[Opening "Queen's pawn: London system"]
[ECO "A45"]
[Time "09:02:33"]
[TimeControl "2700+45"]

1. d4 Nf6 2. Bf4 d6 3. e3 Nc6 4. c3 e5 5. dxe5 dxe5 6. Qxd8+ Kxd8 7. Bg5 Be7 8.
Nd2 Be6 9. h3 h6 10. Bh4 Nh5 11. Bxe7+ Kxe7 12. Be2 Nf6 13. Bb5 Bd5 14. f3 a6
15. Ba4 b5 16. Bb3 Rhd8 17. Ne2 a5 18. Ng3 g6 19. e4 Be6 20. O-O Rxd2 21. Rab1
Rad8 22. Rfe1 a4 23. Bxe6 Kxe6 24. Nf1 R2d3 25. Nh2 h5 26. Nf1 h4 27. Ne3 Ne7
28. Nc2 Nh5 29. Nb4 Rd2 30. Rf1 Ng3 31. Rf2 Rxf2 32. Kxf2 Rd2+ 33. Kg1 f5 34.
Na6 Kd6 35. c4 bxc4 36. Rc1 Ne2+ {White resigns} 0-1

[Event "Team 45 45 League T64"]
[Site "Internet Chess Club"]
[Date "2015.03.26"]
[Round "4"]
[White "GideonL"]
[Black "dabodhi"]
[Result "1/2-1/2"]
[WhiteElo "1638"]
[BlackElo "1367"]
[Opening "Scandinavian: Pytel-Wade variation"]
[ECO "B01"]
[Time "20:00:28"]
[TimeControl "2700+45"]

1. e4 d5 2. exd5 Qxd5 3. Nc3 Qd6 4. Nf3 Nf6 5. Bc4 Bg4 6. d3 e6 7. O-O c6 8. h3
Bh5 9. Bg5 Be7 10. Bxf6 Bxf6 11. Ne4 Qe7 12. c3 Nd7 13. d4 Nb6 14. Be2 Bg6 15.
Ng3 Rd8 16. Bd3 O-O 17. Qc2 Bxd3 18. Qxd3 Nd5 19. Rfe1 Qd6 20. Ne4 Qe7 21. a4
Nf4 22. Qe3 Nd5 23. Qd2 h6 24. b4 Nb6 25. a5 Nc4 26. Qd3 Nd6 27. Nxd6 Rxd6 28.
a6 b6 29. Rad1 Rfd8 30. Qe2 c5 31. dxc5 bxc5 32. Rxd6 Qxd6 33. Qc4 cxb4 34. cxb4
Rb8 35. Rb1 {Game drawn by mutual agreement} 1/2-1/2

[Event "Team 45 45 League T64"]
[Site "Internet Chess Club"]
[Date "2015.03.30"]
[Round "4"]
[White "seattleblues"]
[Black "Conjurer"]
[Result "0-1"]
[WhiteElo "1430"]
[BlackElo "1184"]
[Opening "QGD Slav/Grünfeld: Schlechter variation"]
[ECO "D15"]
[Time "20:02:12"]
[TimeControl "2700+45"]

1. d4 Nf6 2. Nf3 d5 3. c4 c6 4. Nc3 g6 5. Bf4 Bg7 6. e3 O-O 7. Be2 Nbd7 8. c5
Re8 9. O-O Nh5 10. Bg5 b6 11. b4 bxc5 12. bxc5 Qa5 13. Qc2 e5 14. Rfd1 f6 15.
Bh4 g5 16. Ne1 gxh4 17. Bxh5 Rf8 18. Nf3 exd4 19. exd4 h3 20. g3 f5 21. Ne2 Nf6
22. Nf4 Bd7 23. Ne5 Nxh5 24. Nxd7 Rfe8 25. Nxh5 Bxd4 26. Nhf6+ Kf7 27. Qxf5 Bxf6
28. Qxf6+ Kg8 29. Qg5+ Kh8 30. Nf6 Qd8 31. Rd4 Rg8 32. Qf5 Rg7 33. Rh4 Qe7 34.
Kf1 Rf8 35. Rf4 Rgf7 36. Qd7 Qxc5 37. Qe6 Qb5+ 38. Kg1 Qb2 39. Re1 Rxf6 40. Rxf6
Qxf6 41. Qe3 d4 42. Qd3 Qxf2+ {White resigns} 0-1

[Event "Team 45 45 League T64"]
[Site "Internet Chess Club"]
[Date "2015.03.28"]
[Round "4"]
[White "WilmaP"]
[Black "Just-Jim"]
[Result "1-0"]
[WhiteElo "1196"]
[BlackElo "1285"]
[Opening "Philidor's defense"]
[ECO "C41"]
[Time "14:02:54"]
[TimeControl "2700+45"]

1. e4 e5 2. Nf3 d6 3. d4 f6 4. Bc4 Ne7 5. c3 Ng6 6. O-O Be7 7. Qb3 exd4 8. cxd4
c6 9. Re1 d5 10. exd5 O-O 11. d6+ Kh8 12. dxe7 Nxe7 13. Nc3 Nf5 14. Rd1 Nd6 15.
Bd3 Bg4 16. Be2 Re8 17. Qc2 Qe7 18. Bf4 Bxf3 19. Bxf3 g6 20. h3 Nf5 21. Re1 Qd7
22. Ne4 Nxd4 23. Nxf6 Nxc2 24. Nxd7 Nxe1 25. Be5+ Rxe5 26. Nxe5 Nxf3+ 27. Nxf3
Nd7 28. Rd1 Nf6 29. Ng5 Re8 30. Nf7+ Kg7 31. Ng5 b6 32. b4 h6 33. Nf3 g5 34. g3
c5 35. bxc5 bxc5 36. Rc1 Rf8 37. Rxc5 Ne4 38. Rc7+ Kg8 39. Rxa7 Rxf3 40. Ra8+
Kg7 41. Re8 Nxf2 42. Re7+ Kg6 43. Re6+ Kh5 44. g4+ Nxg4 45. hxg4+ Kxg4 46. Rxh6
Ra3 47. Rh2 Rh3 48. Rxh3 Kxh3 49. a4 g4 50. a5 g3 51. a6 g2 52. a7 Kg3 53. a8=Q
{Black resigns} 1-0

[Event "Team 45 45 League T64"]
[Site "Internet Chess Club"]
[Date "2015.03.28"]
[Round "4"]
[White "jjaco"]
[Black "WzeroMN"]
[Result "0-1"]
[WhiteElo "1016"]
[BlackElo "1143"]
[Opening "Queen's pawn game"]
[ECO "D05"]
[Time "11:01:49"]
[TimeControl "2700+45"]

1. d4 Nf6 2. Nf3 e6 3. e3 d5 4. Bd3 Be7 5. O-O O-O 6. c3 c5 7. Qc2 c4 8. Be2 Nc6
9. b3 b5 10. b4 Bb7 11. Ng5 h6 12. Nh3 a5 13. Na3 axb4 14. cxb4 Nxb4 15. Qb2 Bc6
16. Rd1 Ne4 17. f3 Nf6 18. Qb3 cxb3 19. axb3 Qd6 20. Rb1 e5 21. Nc2 Nxc2 {White
resigns} 0-1

[Event "Team 45 45 League T64"]
[Site "Internet Chess Club"]
[Date "2015.03.30"]
[Round "4"]
[White "Ilamihir"]
[Black "ethan0627"]
[Result "1-0"]
[WhiteElo "1135"]
[BlackElo "1446"]
[Opening "QGD: Semi-Tarrasch defense"]
[ECO "D40"]
[Time "17:02:51"]
[TimeControl "2700+45"]

1. d4 d5 2. c4 e6 3. Nc3 Nf6 4. Nf3 c5 5. e3 Nc6 6. cxd5 exd5 7. Bd3 Be7 8. b3
O-O 9. Bb2 Bg4 10. O-O cxd4 11. exd4 Bxf3 12. Qxf3 Nxd4 13. Qe3 Nc6 14. Be2 d4
{Black resigns} 1-0

[Event "Team 45 45 League T64"]
[Site "Internet Chess Club"]
[Date "2015.03.28"]
[Round "4"]
[White "Legomaster"]
[Black "stantheman59"]
[Result "1-0"]
[WhiteElo "1261"]
[BlackElo "1228"]
[Opening "Four knights: Scotch, 4...exd4"]
[ECO "C47"]
[Time "20:05:24"]
[TimeControl "2700+45"]

1. e4 e5 2. Nf3 Nc6 3. Nc3 Nf6 4. d4 exd4 5. Nxd4 Ne5 6. f3 a6 7. Be3 Bc5 8. Be2
d6 9. f4 Neg4 10. Qd2 Bb4 11. Bf3 c5 12. Nf5 Bxf5 13. exf5 d5 14. O-O-O O-O 15.
Bf2 Bxc3 16. bxc3 Nxf2 17. Qxf2 Qa5 18. Kd2 Rfe8 19. Rb1 Re7 20. Rhe1 Rxe1 21.
Qxe1 Re8 22. Qf2 Qc7 23. g3 h6 24. Re1 Rxe1 25. Qxe1 Qd7 26. Qe5 b5 27. g4 Kf8
28. g5 hxg5 29. fxg5 Ne4+ 30. Bxe4 dxe4+ 31. Ke3 f6 32. gxf6 gxf6 33. Qxf6+ Qf7
34. Qd8+ Kg7 35. f6+ Kg6 36. a3 c4 37. Qe7 Qxf6 38. Qxf6+ Kxf6 39. Kxe4 Kg5 40.
Kd5 Kh4 41. Kc6 Kh3 42. Kb6 Kxh2 43. Kxa6 Kg2 44. Kxb5 Kf2 45. Kxc4 Ke2 46. Kb3
Kd2 47. a4 {Black resigns} 1-0

[Event "Team 45 45 League T64"]
[Site "Internet Chess Club"]
[Date "2015.03.29"]
[Round "4"]
[White "rhayder"]
[Black "princevultan2"]
[Result "1-0"]
[WhiteElo "1315"]
[BlackElo "1128"]
[Opening "Ruy Lopez (Spanish opening)"]
[ECO "C60"]
[Time "19:17:00"]
[TimeControl "2700+45"]

1. e4 e5 2. Nf3 Nc6 3. Bb5 Bd6 4. Bxc6 dxc6 5. d4 Bg4 6. h3 Bh5 7. g4 Bg6 8.
dxe5 Bc5 9. Qxd8+ Rxd8 10. Nc3 Ne7 11. Rf1 O-O 12. Bd2 a5 13. O-O-O b5 14. Bg5
Rb8 15. Nh4 b4 16. Bxe7 Bxe7 17. Nxg6 fxg6 18. Ne2 Bg5+ 19. f4 Be7 20. Rd7 Bd8
21. f5 gxf5 22. exf5 a4 23. e6 Bg5+ 24. Kb1 Rbc8 25. Rfd1 Rfe8 26. Ng3 a3 27.
Ne4 Be7 28. bxa3 bxa3 29. Nd2 Rb8+ 30. Kc1 Rb7 31. Nf3 Bf6 32. c3 c5 33. R1d5
Reb8 34. Nd2 Rb2 35. Ne4 Bh4 36. e7 Rxa2 37. Rd8+ Kf7 38. e8=Q# {Black
checkmated} 1-0

[Event "Team 45 45 League T64"]
[Site "Internet Chess Club"]
[Date "2015.03.28"]
[Round "4"]
[White "Jiawen5"]
[Black "Fulmar"]
[Result "1/2-1/2"]
[WhiteElo "1143"]
[BlackElo "1214"]
[Opening "Giuoco Piano"]
[ECO "C53"]
[Time "22:09:50"]
[TimeControl "2700+45"]

1. e4 e5 2. Nf3 Nc6 3. Bc4 Bc5 4. c3 Nge7 5. d4 Bd6 6. d5 Na5 7. Bd3 b6 8. O-O
O-O 9. Be3 c5 10. b3 h6 11. h3 f5 12. c4 f4 13. Bd2 g5 14. Nc3 a6 15. a4 Ng6 16.
Ne2 Be7 17. Rb1 d6 18. b4 Nb7 19. b5 a5 20. Kh1 g4 21. hxg4 Bxg4 22. Neg1 Bh4
23. Be2 Bxf3 24. Bxf3 Kh7 25. Bg4 Qf6 26. Bf5 Rg8 27. Qg4 Rg7 28. g3 Bg5 29. Nf3
Rf8 30. Kg2 Nd8 31. gxf4 Bxf4 32. Bxf4 exf4 33. Qh5 Kg8 34. Kh3 Nf7 35. Rg1 Kh7
36. Nh4 Ne5 37. Nxg6 Nxg6 38. Rbc1 f3 39. Rg4 Rh8 40. Rf4 Kg8 41. Be6+ Qxe6+ 42.
dxe6 Nxf4+ 43. Kh4 Nxh5 44. Kxh5 Rg5+ 45. Kh4 Kg7 46. Rd1 Rd8 {Game drawn by
mutual agreement} 1/2-1/2

[Event "Team 45 45 League T64"]
[Site "Internet Chess Club"]
[Date "2015.03.26"]
[Round "4"]
[White "Nathan-L"]
[Black "justice02"]
[Result "1-0"]
[WhiteElo "1782"]
[BlackElo "1656"]
[Opening "Réti v Dutch"]
[ECO "A04"]
[Time "18:00:33"]
[TimeControl "2700+45"]

1. Nf3 f5 2. d4 Nf6 3. c4 c6 4. Nc3 g6 5. b3 Bg7 6. Bb2 O-O 7. e3 Na6 8. Be2 Nc7
9. O-O e6 10. Qc2 d5 11. Ne5 Nd7 12. f4 Nf6 13. Ba3 Re8 14. Kh1 Ne4 15. Nxe4
fxe4 16. g4 Bf8 17. Bxf8 Rxf8 18. g5 Ne8 19. Bg4 Ng7 20. Qe2 Nf5 21. Bxf5 exf5
22. h4 Qe8 23. Kg2 Be6 24. c5 Rc8 25. Rh1 Rc7 26. Kg3 Bf7 27. Rh2 Kg7 28. Rah1
Rh8 29. h5 Rc8 30. hxg6 Bxg6 31. Rh6 Rd8 32. Nxg6 hxg6 33. Rxh8 Qxh8 34. Rxh8
Rxh8 35. Qe1 {Black resigns} 1-0

[Event "Team 45 45 League T64"]
[Site "Internet Chess Club"]
[Date "2015.04.03"]
[Round "4"]
[White "zepled37"]
[Black "zap2"]
[Result "0-1"]
[WhiteElo "1732"]
[BlackElo "1747"]
[Opening "Philidor: Improved Hanham variation"]
[ECO "B07"]
[Time "07:16:33"]
[TimeControl "2700+45"]

1. e4 d6 2. d4 Nf6 3. Nc3 e5 4. Nf3 Nbd7 5. Bc4 Be7 6. O-O O-O 7. h3 c6 8. a4 b6
9. Be3 Qc7 10. d5 Bb7 11. dxc6 Bxc6 12. Bd5 Nxd5 13. Nxd5 Qd8 14. c4 Rc8 15.
Nxe7+ Qxe7 16. Nd2 Nc5 17. f3 f5 18. Bxc5 dxc5 19. Qc2 f4 20. Rfd1 Rcd8 21. Nf1
Rd4 22. Rxd4 cxd4 23. Nd2 Rc8 24. Qd3 Qb4 25. b3 Rd8 26. Nb1 Qe1+ 27. Kh2 Rd6
28. Ra2 Qe3 29. Rd2 a5 30. Na3 Qe1 31. Nc2 Qg3+ 32. Kh1 Bd7 33. Qf1 Rh6 34. Qf2
Qg5 35. Kh2 Qh5 36. Qf1 g5 37. Ne1 g4 38. fxg4 Bxg4 39. Nf3 Bxf3 40. Qxf3 Qxf3
41. gxf3 Rg6 42. Rd3 Kf7 43. Rd2 Ke7 44. b4 Kd6 45. bxa5 bxa5 46. Rb2 Kc5 47.
Rb5+ Kxc4 48. Rxe5 d3 49. Rd5 Kc3 50. Rc5+ Kb2 51. Rd5 Kc2 52. Rc5+ Kd1 53. Rd5
d2 54. e5 Ke2 55. Rd4 d1=Q {White resigns} 0-1